 Dungeon Crawl Stone Soup version 0.22-a0-512-g0943f25 (webtiles) character file.

35195 kae the Fencer (level 13, -15/118 HPs)
             Began as a Minotaur Fighter on June 18, 2018.
             Was a High Priest of Makhleb.
             Demolished by a stone giant (36 damage)
             ... in a volcano.
             The game lasted 00:18:25 (18170 turns).

kae the Fencer (Minotaur Fighter)                  Turns: 18170, Time: 00:18:25

Health: -15/118    AC: 19    Str: 25    XL:     13   Next: 46%
Magic:  18/18      EV: 13    Int:  7    God:    Makhleb [*****.]
Gold:   1379       SH: 12    Dex: 12    Spells: 12/12 levels left

rFire    + . .     SeeInvis .   a - +1 long sword
rCold    + . .     Gourm    .   s - +2 shield
rNeg     . . .     Faith    .   b - +0 scale mail
rPois    .         Spirit   .   (helmet restricted)
rElec    .         Reflect  .   (no cloak)
rCorr    .         Harm     .   I - +2 pair of gloves {Dex+3}
MR       .....                  o - +0 pair of boots
Stlth    ..........             (no amulet)
HPRegen  0.29/turn              k - ring of protection from fire
MPRegen  0.16/turn              g - +5 ring of protection

@: no status effects
A: retaliatory headbutt, horns 2, cold resistance 1, sense surroundings 1
a: Minor Destruction, Lesser Servant of Makhleb, Major Destruction, Greater
Servant of Makhleb, Renounce Religion


You were in a volcano.
You worshipped Makhleb.
Makhleb was extremely pleased with you.
You were near starving.

You visited 3 branches of the dungeon, and saw 16 of its levels.
You also visited: Volcano.

You collected 1379 gold pieces.

Inventory:

Hand Weapons
 a - a +1 long sword (weapon)
 y - a +0 long sword
Armour
 b - a +0 scale mail (worn)
 o - a +0 pair of boots (worn)
 s - a +2 shield (worn)
 I - a +2 pair of gloves of dexterity (worn)
Jewellery
 g - a +5 ring of protection (right hand)
 j - a +3 ring of protection
 k - a ring of protection from fire (left hand)
 l - an uncursed ring of see invisible
 A - an uncursed ring of positive energy
Wands
 v - a wand of polymorph (29)
 x - a wand of flame (31)
 z - a wand of disintegration (5)
 B - a wand of paralysis (43)
 D - a wand of digging (9)
 H - a wand of iceblast (4)
Scrolls
 c - 8 scrolls of teleportation
 e - 2 scrolls of fog
 i - a scroll of amnesia
 u - 2 scrolls of enchant weapon
 w - 6 scrolls of identify
 C - a scroll of fear
 L - 2 scrolls of remove curse
 O - a scroll of vulnerability {unknown}
 P - a scroll of blinking
Potions
 d - 7 potions of might
 h - 3 potions of invisibility
 m - 3 potions of heal wounds
 n - 3 potions of flight
 p - a potion of agility
 q - 4 potions of curing
 r - 2 potions of haste
 t - 2 potions of lignification
 E - a potion of cancellation
 F - 2 potions of brilliance
 G - a potion of berserk rage
 J - a potion of mutation
 K - a potion of ambrosia
 N - a potion of magic
Comestibles
 f - 29 rations


   Skills:
 + Level 12.1 Fighting
 * Level 15.9 Long Blades
 + Level 12.1 Armour
 + Level 10.7 Dodging
 - Level 3.6 Shields
 + Level 8.1 Invocations


You had 12 spell levels left.
You didn't know any spells.
Your spell library contained the following spells:

 Spells                   Type           Power        Failure   Level  Hunger
 Confuse                  Hex            #.......     100%        3    ####...
 Summon Small Mammal      Summ           #...         99%         1    ##.....
 Summon Ice Beast         Ice/Summ       #.......     100%        4    #####..
 Call Imp                 Summ           #.......     99%         2    ###....
 Tukima's Dance           Hex            #.......     100%        3    ####...
 Summon Demon             Summ           #.........   100%        5    ######.
 Recall                   Summ/Tloc      N/A          100%        3    ####...
 Shadow Creatures         Summ           N/A          100%        6    #######
 Confusing Touch          Hex            #.....       99%         1    ##.....
 Call Canine Familiar     Summ           #.......     100%        3    ####...
 Ensorcelled Hibernation  Hex/Ice        #.....       99%         2    ###....
 Metabolic Englaciation   Hex/Ice        #.........   100%        5    ######.
 Summon Butterflies       Summ           #.......     99%         1    ##.....
 Corona                   Hex            #......      99%         1    ##.....
 Petrify                  Tmut/Erth      #.......     100%        4    #####..
 Summon Hydra             Summ           #.........   100%        7    #######
 Aura of Abjuration       Summ           #.........   100%        5    ######.
 Dazzling Spray           Conj/Hex       #.....       100%        3    ####...
 Summon Forest            Summ/Tloc      #.........   100%        5    ######.
 Summon Lightning Spire   Summ/Air       #.......     100%        4    #####..
 Summon Guardian Golem    Hex/Summ       #.......     100%        3    ####...
 Summon Mana Viper        Hex/Summ       #.......     100%        5    ######.
 Gell's Gravitas          Tloc           #.........   100%        3    ####...
 Yara's Violent Unravell  Hex/Tmut       #.........   100%        5    ######.


Dungeon Overview and Level Annotations

Branches:
Dungeon (12/15)            Temple (1/1) D:7            Lair (3/6) D:11
 Shoals (0/4) Lair:3          Orc (0/2) D:9
  Snake: Lair:2-4    Spider: Lair:2-4

Altars:
Ashenzari
Cheibriados
Dithmenos
Elyvilon
Fedhas
Gozag
Hepliaklqana
Kikubaaqudgha
Makhleb
Nemelex Xobeh
Okawaru
Qazlal
Ru
Sif Muna
Trog
Uskayaw
Vehumet
Wu Jian
Xom
Yredelemnul
Zin
The Shining One

Annotations:
D:3 3 runed doors, Madiz's ghost, weakling DDFi; Poogh's ghost, amateur DrFE; Raoqal's ghost, amateur DsFi


Innate Abilities, Weirdness & Mutations

You reflexively headbutt those who attack you in melee.
You have a pair of horns on your head.
Your flesh is cold resistant. (rC+)
You passively map a small area around you.


Message History

The stone giant is lightly wounded.
You hit the stone giant.
You headbutt the stone giant, but do no damage.
The stone giant is lightly wounded.
The stone giant hits you!!
* * * LOW HITPOINT WARNING * * *
You slash the stone giant!
The stone giant is moderately wounded.
You block the stone giant's attack.
You hit the stone giant but do no damage.
The stone giant is moderately wounded.
You block the stone giant's attack.
You hit the stone giant but do no damage.
The stone giant is moderately wounded.
You hit the stone giant but do no damage.
You headbutt the stone giant!
The stone giant is moderately wounded.
The stone giant hits you but does no damage.
A demon appears!
The stone giant hits you!!!
You die...

##.###.#...## #.#
###..## ##'## ####
#######...########
#...##.....##....#
##)$[##..∩..##[.)##
#.$!$.#.....#.....#
#.!C)4###'###...[.#
#..@###..)###...##
#...).......)...#
#######8_8#######
#...# #####


You could see a stone giant and a friendly orange demon.

Vanquished Creatures
  Gastronok (D:11)
  An ogre mage (D:9)
  10 two-headed ogres
  A deep elf mage (D:12)
  A cyclops (D:12)
  A centaur zombie (D:12)
  A manticore (D:8)
  3 black mambas
  A merfolk siren (Lair:3)
  2 molten gargoyles (Volcano)
  A spiny frog (Lair:3)
  An efreet (Volcano)
  2 rime drakes (Lair:3)
  4 komodo dragons
  A merfolk (D:8)
  6 trolls
  Grinder (D:5)
  4 blink frogs (Lair:2)
  3 slime creatures
  A hippogriff (Lair:3)
  Sigmund (D:6)
  3 water elementals (D:12)
  7 wyverns
  A wraith (D:12)
  A basilisk (Lair:2)
  23 yaks
  5 fire bats (Volcano)
  2 fire elementals (Volcano)
  2 humans (D:7)
  A soldier ant (shapeshifter) (D:11)
  2 hell hounds (Lair:3)
  An acid dragon (D:12)
  3 water moccasins
  A sky beast (D:6)
  6 porcupines
  2 orc warriors
  9 black bears (D:8)
  2 ice beasts (D:10)
  2 phantoms
  A necrophage (D:8)
  17 ogres
  7 centaurs
  7 crocodiles
  Blork the orc (D:6)
  A big kobold (D:7)
  17 bullfrogs
  2 earth elementals (Volcano)
  A gnoll sergeant (D:8)
  A scorpion (D:6)
  10 killer bees
  4 wights (D:10)
  11 electric eels
  2 howler monkeys (D:12)
  5 crimson imps
  5 lava snakes (Volcano)
  2 bullfrog zombies
  A jelly (D:10)
  2 centaur skeletons
  7 hounds
  7 orc priests
  17 orc wizards
  5 iguanas
  11 worker ants
  Terence (D:2)
  2 ogre zombies (D:9)
  A hound skeleton (D:11)
  13 adders
  3 gnolls (D:5)
  A shadow imp (D:12)
  An ooze (D:3)
  3 adder zombies
  A worm (D:4)
  2 dart slugs
  3 leopard geckos
  57 orcs
  A ball python (D:3)
  A giant cockroach (D:3)
  9 goblins
  9 hobgoblins
  19 jackals
  10 kobolds
  5 quokkas
  5 bats
  7 frilled lizards
  A quokka zombie (D:1)
  7 rats
  A spectral orc (D:9)
427 creatures vanquished.

Vanquished Creatures (collateral kills)
  A hydra (Lair:3)
  Nergalle (Lair:2)
  A spiny frog (Lair:3)
  A rime drake (Lair:3)
  A basilisk (Lair:2)
  A bullfrog (Lair:3)
6 creatures vanquished.

Vanquished Creatures (others)
  An orc priest (D:12)
  An orc wizard (D:12)
  2 plants
  2 withered plants (D:3)
6 creatures vanquished.

Grand Total: 439 creatures vanquished

Notes
Turn   | Place    | Note
-------+----------+-------------------------------------------
     0 | D:1      | kae the Minotaur Fighter began the quest for the Orb.
     0 | D:1      | Reached XP level 1. HP: 19/19 MP: 0/0
   173 | D:1      | Reached XP level 2. HP: 27/27 MP: 1/1
   233 | D:1      | Reached skill level 3 in Long Blades
   592 | D:1      | Reached skill level 1 in Dodging
   881 | D:2      | Noticed Terence
   889 | D:2      | Killed Terence
   889 | D:2      | Reached XP level 3. HP: 33/33 MP: 2/2
  1046 | D:2      | Reached XP level 4. HP: 38/40 MP: 3/3
  1060 | D:2      | Found an opulent altar of Gozag.
  1101 | D:2      | Found a glowing silver altar of Zin.
  1189 | D:2      | Found a white marble altar of Elyvilon.
  1202 | D:2      | Found a hide-covered altar of Uskayaw.
  1250 | D:2      | Found a blossoming altar of Fedhas.
  1508 | D:3      | Reached skill level 4 in Long Blades
  1554 | D:3      | Found a runed gate.
  1554 | D:3      | Found a runed gate.
  1555 | D:3      | Found a runed gate.
  1582 | D:3      | Noticed Madiz's ghost (weakling DDFi)
  1582 | D:3      | Noticed Raoqal's ghost (amateur DsFi)
  1583 | D:3      | Noticed Poogh's ghost (amateur DrFE)
  1786 | D:3      | Reached XP level 5. HP: 40/47 MP: 4/4
  2161 | D:4      | Found a sacrificial altar of Ru.
  2198 | D:4      | Reached skill level 5 in Long Blades
  2369 | D:4      | Reached XP level 6. HP: 55/55 MP: 5/5
  2432 | D:4      | Reached skill level 5 in Armour
  2574 | D:4      | Reached skill level 5 in Fighting
  2595 | D:4      | Found a sparkling altar of Nemelex Xobeh.
  2682 | D:5      | Entered Level 5 of the Dungeon
  2735 | D:5      | Noticed Grinder
  2770 | D:5      | Killed Grinder
  2770 | D:5      | Reached skill level 6 in Long Blades
  2770 | D:5      | Reached XP level 7. HP: 40/61 MP: 6/6
  3085 | D:5      | Found a shattered altar of Ashenzari.
  3516 | D:5      | Reached skill level 7 in Long Blades
  3697 | D:6      | Reached XP level 8. HP: 49/70 MP: 7/7
  3885 | D:6      | Found a hazy altar of Hepliaklqana.
  3888 | D:6      | Noticed Sigmund
  3891 | D:6      | Killed Sigmund
  3934 | D:6      | Reached skill level 8 in Long Blades
  4058 | D:6      | Reached skill level 5 in Dodging
  4422 | D:6      | Noticed Blork the orc
  4432 | D:6      | Killed Blork the orc
  4998 | D:7      | Reached skill level 9 in Long Blades
  5190 | D:7      | Reached XP level 9. HP: 62/79 MP: 8/8
  5234 | D:7      | Found an iron altar of Okawaru.
  5366 | D:7      | Found a staircase to the Ecumenical Temple.
  5371 | D:7      | Found an ornate altar of the Wu Jian Council.
  5419 | D:7      | Found an ancient bone altar of Kikubaaqudgha.
  5459 | Temple   | Entered the Ecumenical Temple
  5526 | Temple   | Became a worshipper of Makhleb the Destroyer
  6101 | D:8      | Reached skill level 10 in Long Blades
  6101 | D:8      | Reached skill level 1 in Invocations
  6861 | D:8      | Reached XP level 10. HP: 50/90 MP: 9/11
  7419 | D:8      | Reached * piety under Makhleb
  7758 | D:8      | Reached skill level 11 in Long Blades
  8235 | D:8      | Noticed a two-headed ogre
  8344 | D:8      | Killed a two-headed ogre
  8531 | D:8      | Noticed a two-headed ogre
  8551 | D:8      | Killed a two-headed ogre
  8566 | D:8      | Reached skill level 12 in Long Blades
  9001 | D:8      | Noticed a manticore
  9016 | D:8      | Killed a manticore
  9016 | D:8      | Reached XP level 11. HP: 93/97 MP: 13/13
  9323 | D:8      | Found a bloodstained altar of Trog.
  9501 | D:8      | Reached ** piety under Makhleb
  9710 | D:9      | Noticed a two-headed ogre
  9719 | D:9      | Killed a two-headed ogre
  9875 | D:9      | Gained mutation: You passively map a small area around you. [potion of mutation]
  9875 | D:9      | Gained mutation: Your flesh is cold resistant. (rC+) [potion of mutation]
  9921 | D:9      | Noticed a two-headed ogre
  9922 | D:9      | Noticed a two-headed ogre
  9943 | D:9      | Killed a two-headed ogre
  9943 | D:9      | Reached skill level 5 in Invocations
  9951 | D:9      | Killed a two-headed ogre
  9951 | D:9      | Reached skill level 10 in Armour
  9955 | D:9      | Reached skill level 13 in Long Blades
  9961 | D:9      | Noticed a two-headed ogre
  9962 | D:9      | Reached skill level 10 in Fighting
  9977 | D:9      | Killed a two-headed ogre
 10264 | D:9      | Noticed a two-headed ogre
 10265 | D:9      | Noticed a two-headed ogre
 10272 | D:9      | Noticed an ogre mage
 10272 | D:9      | Noticed a two-headed ogre
 10284 | D:9      | Killed a two-headed ogre
 10291 | D:9      | Killed a two-headed ogre
 10305 | D:9      | Killed an ogre mage
 10314 | D:9      | Killed a two-headed ogre
 10468 | D:9      | Found a staircase to the Orcish Mines.
 10622 | D:9      | Found a basalt altar of Yredelemnul.
 10863 | D:10     | Entered Level 10 of the Dungeon
 11099 | D:10     | Reached XP level 12. HP: 108/108 MP: 15/15
 11135 | D:10     | Reached *** piety under Makhleb
 11403 | D:10     | Noticed a two-headed ogre
 11413 | D:10     | Killed a two-headed ogre
 11667 | D:10     | Reached skill level 14 in Long Blades
 12284 | D:11     | Found a staircase to the Lair.
 12787 | D:11     | Noticed Gastronok
 12813 | D:11     | Killed Gastronok
 12813 | D:11     | Reached **** piety under Makhleb
 14406 | D:12     | Reached skill level 10 in Dodging
 15055 | D:12     | Reached skill level 15 in Long Blades
 15382 | Lair:1   | Entered Level 1 of the Lair of Beasts
 15395 | Lair:1   | Found a hide-covered altar of Uskayaw.
 15575 | Lair:1   | Reached ***** piety under Makhleb
 15595 | Lair:1   | Reached XP level 13. HP: 117/117 MP: 17/17
 16454 | Lair:2   | Found a deep blue altar of Sif Muna.
 16655 | Lair:2   | Noticed Nergalle
 16670 | Lair:2   | Killed Nergalle
 17460 | Lair:3   | Found a staircase to the Shoals.
 17622 | Lair:3   | Found a dark tunnel.
 17647 | Volcano  | Entered a volcano
 17982 | Volcano  | Found a burning altar of Makhleb.
 18154 | Volcano  | Noticed a stone giant
 18170 | Volcano  | Demolished by a stone giant

Vault maps used:
D:1:      saegor_arrival_fortress
D:2:      zin_treasury, grunt_gozag_statues, minitemple, fedhas_altar_2,
          first_ration, kennysheep_generic_room_6, uniq_terence
D:3:      gammafunk_ghost_cemetery, small_statue_intersection, eino_tiny_chamber
D:4:      nicolae_ru_awakened_eye, lemuel_doored_altar
D:5:      basic_altar, uniq_grinder
D:6:      nicolae_overflow_crystal_walls, uniq_sigmund, uniq_blork_the_orc
D:7:      lemuel_round_altar, okawaru_humans, overflow_temple_1_default,
          temple_green, minmay_liquid_box
D:8:      kennysheep_town, uniq_gastronok
D:9:      lemuel_ogre_cave, yredelemnul_forgotten_temple_becter
D:11:     david_lair_shrubbed
Temple:   zaba_magenta_temple
Lair:1:   basic_altar
Lair:2:   basic_altar, uniq_nergalle
Lair:3:   minmay_shoals_entry_lonely_mermaid, enter_volcano_3,
          grunt_megastairs_2
Volcano:  volcano_grotto

Skill      XL: |  1  2  3  4  5  6  7  8  9 10 11 12 13 |
---------------+----------------------------------------+-----
Long Blades    | 3 4 5 6 7 9 10 12 13 15 | 15.9
Dodging        | 1 2 3 4 5 6 7 9 10 | 10.7
Fighting       | 4 5 6 7 8 9 10 11 12 | 12.1
Armour         | 4 5 6 7 8 9 10 11 12 | 12.1
Invocations    | 2 4 6 7 8 |  8.1
Shields        | |  3.6

Action                   |  1- 3 |  4- 6 |  7- 9 | 10-12 | 13-15 || total
-------------------------+-------+-------+-------+-------+-------++-------
Melee: Long sword        |    93 |   170 |   165 |   681 |   286 ||  1395
       Headbutt          |    16 |    28 |   107 |   271 |    75 ||   497
       Falchion          |       |       |   283 |   274 |       ||   557
Invok: Lesser Servant of |       |       |       |       |     7 ||     7
       Minor Destruction |       |       |       |       |     1 ||     1
Evoke: Wand              |       |       |       |    18 |       ||    18
  Use: Scroll            |       |     8 |     7 |    11 |     2 ||    28
       Potion            |       |     1 |       |     7 |       ||     8
 Stab: Paralysed         |       |       |       |     5 |       ||     5
       Distracted        |       |       |       |       |     1 ||     1
  Eat: Chunk             |       |     6 |    14 |    25 |     7 ||    52
       Ration            |       |       |       |     1 |       ||     1
Armor: Scale mail        |    49 |    67 |   165 |   240 |    90 ||   611
Dodge: Dodged            |    36 |    46 |   144 |   273 |    86 ||   585
Block: Shield            |    48 |    92 |   248 |   394 |   143 ||   925
       Rpst.: Long sword |    12 |    13 |    13 |    45 |    23 ||   106
       Falchion          |       |       |    22 |    11 |       ||    33

Table legend:
 A = Spawn XP
 B = Non-spawn XP
 C = Spawn XP percentage of total XP
 D = Spawn monster count
 E = Non-spawn monster count
 F = Spawn count percentage of total count
 G = Total turns spent on level
                    A         B        C        D         E        F      G
               +---------+---------+-------+---------+---------+-------+---------
         Total |       0 |   50279 |   0.0 |       0 |     435 |   0.0 | 18170
               +---------+---------+-------+---------+---------+-------+---------
           D:1 |       0 |      31 |   0.0 |       0 |      14 |   0.0 |   787
           D:2 |       0 |      90 |   0.0 |       0 |      30 |   0.0 |   839
           D:3 |       0 |      89 |   0.0 |       0 |      26 |   0.0 |   533
           D:4 |       0 |     306 |   0.0 |       0 |      15 |   0.0 |   523
           D:5 |       0 |     744 |   0.0 |       0 |      18 |   0.0 |   968
           D:6 |       0 |    1093 |   0.0 |       0 |      35 |   0.0 |  1302
           D:7 |       0 |    1436 |   0.0 |       0 |      37 |   0.0 |  1054
           D:8 |       0 |    7821 |   0.0 |       0 |      63 |   0.0 |  3619
           D:9 |       0 |    9529 |   0.0 |       0 |      33 |   0.0 |  1153
          D:10 |       0 |    3958 |   0.0 |       0 |      38 |   0.0 |  1413
          D:11 |       0 |    4555 |   0.0 |       0 |      25 |   0.0 |  1499
          D:12 |       0 |    5033 |   0.0 |       0 |      26 |   0.0 |  1607
        Lair:1 |       0 |    5199 |   0.0 |       0 |      25 |   0.0 |   919
        Lair:2 |       0 |    3130 |   0.0 |       0 |      14 |   0.0 |   731
        Lair:3 |       0 |    4178 |   0.0 |       0 |      19 |   0.0 |   615
       Volcano |       0 |    3087 |   0.0 |       0 |      17 |   0.0 |   523
               +---------+---------+-------+---------+---------+-------+---------
